 Dungeon Crawl Stone Soup version 0.27.1 (webtiles) character file.

Game seed: 13629823010108985559

905 Renzlar the Shield-Bearer (level 8, -5/67 HPs)
             Began as a Gnoll Fighter on Aug 23, 2021.
             Was an Initiate of Okawaru.
             Slain by an orc warrior (13 damage)
             ... on level 5 of the Dungeon.
             The game lasted 00:22:52 (5643 turns).

Renzlar the Shield-Bearer (Gnoll Fighter)           Turns: 5643, Time: 00:22:52

Health: -5/67      AC: 11    Str: 18    XL:     8   Next: 8%
Magic:  12/12      EV: 10    Int:  7    God:    Okawaru [......]
Gold:   361        SH: 10    Dex: 12    Spells: 12/12 levels left

rFire    . . .     SeeInvis .   a - +0 scimitar
rCold    . . .     Faith    .   j - +0 kite shield
rNeg     . . .     Spirit   .   z - +2 ring mail {rPois}
rPois    +         Reflect  .   y - +0 helmet
rElec    .         Harm     .   (no cloak)
rCorr    .         Rampage  .   q - +0 pair of gloves
Will     .....                  (no boots)
Stlth    +.........             (no amulet)
HPRegen  0.21/turn              (no ring)
MPRegen  0.13/turn              (no ring)

@: no status effects
A: fangs 1, strong nose, distributed training
a: Renounce Religion


You were on level 5 of the Dungeon.
You worshipped Okawaru.
Okawaru was noncommittal.
You visited 2 branches of the dungeon, and saw 7 of its levels.
You also visited: Sewer.

You collected 394 gold pieces.
You spent 33 gold pieces at shops.

Inventory:

Hand Weapons
 a - a +0 scimitar (weapon)
 c - a +1 hunting sling
Missiles
 e - 38 sling bullets
 g - 171 stones
 i - 51 poisoned darts (quivered)
 n - 40 bolts
Armour
 j - a +0 kite shield (worn)
 q - a +0 pair of gloves (worn)
 u - a +0 chain mail
 y - a +0 helmet (worn)
 z - a +2 ring mail of poison resistance (worn)
Wands
 p - a wand of digging (6)
Scrolls
 f - a scroll of fear
 l - a scroll of acquirement {unknown}
 m - 2 scrolls of summoning {unknown}
 o - 2 scrolls of noise {unknown}
 r - 3 scrolls of teleportation
 v - a scroll of magic mapping
 x - 2 scrolls of blinking {unknown}
Potions
 b - 2 potions of might
 h - a potion of magic
 k - a potion of haste
 s - 4 potions of flight
 t - a potion of heal wounds
 w - a potion of curing


   Skills:
 + Level 7.2 Fighting
 + Level 2.9 Short Blades
 + Level 5.5 Long Blades
 + Level 2.9 Axes
 + Level 2.9 Maces & Flails
 + Level 2.9 Polearms
 + Level 2.9 Staves
 + Level 2.9 Slings
 + Level 2.9 Bows
 + Level 2.9 Crossbows
 + Level 2.9 Throwing
 + Level 7.2 Armour
 + Level 2.9 Dodging
 + Level 2.9 Stealth
 + Level 7.2 Shields
 + Level 2.9 Unarmed Combat
 + Level 2.9 Spellcasting
 + Level 2.3 Conjurations
 + Level 2.3 Hexes
 + Level 2.3 Summonings
 + Level 2.3 Necromancy
 + Level 2.3 Translocations
 + Level 2.3 Transmutations
 + Level 2.3 Fire Magic
 + Level 2.3 Ice Magic
 + Level 2.3 Air Magic
 + Level 2.3 Earth Magic
 + Level 2.3 Poison Magic
 + Level 3.2 Invocations
 + Level 2.9 Evocations


You had 12 spell levels left.
You didn't know any spells.
Your spell library contained the following spells:

 Spells                   Type           Power      Damage    Failure   Level
 Gell's Gravitas          Tloc           2%         N/A       87%         3
 Lesser Beckoning         Tloc           2%         N/A       87%         3
 Teleport Other           Tloc           4%         N/A       87%         3


Dungeon Overview and Level Annotations

Branches:
Dungeon (6/15)             Temple (1/1) D:5           Sewer (visited)

Altars:
Ashenzari
Dithmenos
Elyvilon
Fedhas
Kikubaaqudgha
Okawaru
Qazlal
Ru
Trog
Uskayaw
Vehumet
Xom
Yredelemnul
Zin
The Shining One

Shops:
D:4 !

Annotations:
D:4 2 transporters, horus123's ghost, amateur DsAK


Innate Abilities, Weirdness & Mutations

You have very sharp teeth.
Your uncanny sense of smell can sniff out nearby items.
Your experience applies equally to all skills.


Message History

The orc warrior hits you with a +0 war axe.
You closely miss the orc warrior.
The orc warrior is severely wounded.
The orc warrior hits you with a +0 war axe!
* * * LOW HITPOINT WARNING * * *
You hit the orc warrior but do no damage.
The orc warrior is severely wounded.
You block the orc warrior's attack.
The orc warrior hits you with a +0 war axe!
* * * LOW HITPOINT WARNING * * *
You hit the orc warrior but do no damage.
The orc warrior is severely wounded.
The orc warrior hits you with a +0 war axe.
* * * LOW HITPOINT WARNING * * *
Unknown command.
You barely miss the orc warrior.
The orc warrior is severely wounded.
The orc warrior hits you but does no damage.
You closely miss the orc warrior.
You bite the orc warrior, but do no damage.
The orc warrior is severely wounded.
You block the orc warrior's attack.
You closely miss the orc warrior.
The orc warrior is severely wounded.
You block the orc warrior's attack. The orc warrior closely misses you.
You riposte.
You hit the orc warrior. Your bite misses the orc warrior.
The orc warrior is severely wounded.
You hit the orc warrior.
The orc warrior is almost dead.
You block the orc warrior's attack.
You barely miss the orc warrior.
The orc warrior is almost dead.
You block the orc warrior's attack.
You barely miss the orc warrior.
The orc warrior is almost dead.
The orc warrior closely misses you.
You closely miss the orc warrior.
The orc warrior is almost dead.
The orc warrior hits you with a +0 war axe!
You die...

#.# #.##.# ####.#####.# #.#
#.##.#########b#.#.###.# #.#
#.##.##[...##..#.#≈≈##.# #!#
#.##.##.####.≈≈#.#≈≈l#.# #.#
#.##.##.########.#####.#
###.###.##.##.#..............#
.................#############
###............o.#.≈P.≈≈≈≈.#
..............##@##P.≈≈≈≈≈##
#######..........###≈....## #
#######.##.######### #
#............# #
##############


You could see an orc warrior.

Vanquished Creatures
  Edmund (D:4)
  A black bear (D:4)
  2 ogres
  A wyvern zombie (D:5)
  A howler monkey (D:4)
  A jelly (D:6)
  A scorpion zombie (D:5)
  Natasha (D:2)
  A merfolk siren (Sewer)
  A merfolk avatar (Sewer)
  A hound zombie (D:5)
  3 hound skeletons
  A howler monkey zombie (D:5)
  10 adders
  2 river rats (Sewer)
  An adder skeleton (D:4)
  3 worms
  2 dart slugs
  4 orcs (D:6)
  4 bats
  10 endoplasms
  6 giant cockroaches
  8 goblins
  4 hobgoblins
  11 kobolds
  6 quokkas
  13 ball pythons
  6 frilled lizards
  31 rats
137 creatures vanquished.

Vanquished Creatures (others)
  26 fungi
26 creatures vanquished.

Grand Total: 163 creatures vanquished

Notes
Turn   | Place    | Note
-------+----------+-------------------------------------------
     0 | D:1      | Renzlar the Gnoll Fighter began the quest for the Orb.
     0 | D:1      | Reached XP level 1. HP: 23/23 MP: 1/1
   239 | D:1      | Reached XP level 2. HP: 26/29 MP: 2/2
   475 | D:1      | Found a faded altar of an unknown god.
   557 | D:1      | Reached XP level 3. HP: 29/35 MP: 3/3
  1261 | D:2      | Reached skill level 1 in Invocations
  1645 | D:2      | Reached skill level 1 in Short Blades
  1645 | D:2      | Reached skill level 1 in Axes
  1645 | D:2      | Reached skill level 1 in Maces & Flails
  1645 | D:2      | Reached skill level 1 in Polearms
  1645 | D:2      | Reached skill level 1 in Staves
  1645 | D:2      | Reached skill level 1 in Slings
  1645 | D:2      | Reached skill level 1 in Bows
  1645 | D:2      | Reached skill level 1 in Crossbows
  1645 | D:2      | Reached skill level 1 in Throwing
  1645 | D:2      | Reached skill level 1 in Dodging
  1645 | D:2      | Reached skill level 1 in Stealth
  1645 | D:2      | Reached skill level 1 in Unarmed Combat
  1645 | D:2      | Reached skill level 1 in Spellcasting
  1645 | D:2      | Reached skill level 1 in Evocations
  1665 | D:2      | Noticed Natasha
  1675 | D:2      | Killed Natasha
  1676 | D:2      | Reached XP level 4. HP: 31/41 MP: 5/5
  2168 | D:2      | Reached skill level 1 in Conjurations
  2168 | D:2      | Reached skill level 1 in Hexes
  2168 | D:2      | Reached skill level 1 in Summonings
  2168 | D:2      | Reached skill level 1 in Necromancy
  2168 | D:2      | Reached skill level 1 in Translocations
  2168 | D:2      | Reached skill level 1 in Transmutations
  2168 | D:2      | Reached skill level 1 in Fire Magic
  2168 | D:2      | Reached skill level 1 in Ice Magic
  2168 | D:2      | Reached skill level 1 in Air Magic
  2168 | D:2      | Reached skill level 1 in Earth Magic
  2168 | D:2      | Reached skill level 1 in Poison Magic
  2182 | D:3      | Found a hide-covered altar of Uskayaw.
  2646 | D:4      | Found a broken altar of Ashenzari.
  2657 | D:4      | Reached XP level 5. HP: 47/47 MP: 5/7
  2670 | D:4      | Found Xiriwu Dalu's Distillery.
  2679 | D:4      | Noticed an ogre
  2686 | D:4      | Killed an ogre
  2714 | D:4      | Found a glowing drain.
  2731 | D:4      | Reached XP level 6. HP: 23/53 MP: 8/8
  2759 | Sewer    | Entered a sewer
  3198 | Sewer    | Reached skill level 5 in Long Blades
  3716 | D:4      | Found a transporter.
  3737 | D:4      | Bought a potion of curing for 33 gold pieces
  3742 | D:4      | Found a transporter.
  3747 | D:4      | Noticed horus123's ghost (amateur DsAK)
  3880 | D:4      | Noticed a black bear
  3890 | D:4      | Killed a black bear
  3891 | D:4      | Reached XP level 7. HP: 54/60 MP: 10/10
  3998 | D:4      | Noticed Edmund
  4023 | D:4      | Killed Edmund
  4707 | D:5      | Entered Level 5 of the Dungeon
  4904 | D:5      | Found a radiant altar of Vehumet.
  4957 | D:5      | Found a stormy altar of Qazlal.
  4961 | D:5      | Noticed a fire elemental
  4961 | D:5      | Noticed a water elemental
  4961 | D:5      | Noticed an air elemental
  5319 | D:5      | Reached XP level 8. HP: 53/67 MP: 12/12
  5456 | D:5      | Found a staircase to the Ecumenical Temple.
  5465 | Temple   | Entered the Ecumenical Temple
  5476 | Temple   | Became a worshipper of Warmaster Okawaru
  5643 | D:5      | Slain by an orc warrior

Illustrated notes

Levels and vault maps discovered:
D:1:      wheals_arrival_shading, layout_basic, ebering_ecumenical_altar_webs,
          st_stairs_6
D:2:      layout_basic, uniq_natasha
D:3:      layout_rooms, nicolae_overflow_crystal_walls,
          chequers_serial_rivers_small_b
D:4:      layout_loops_cross, cheibrodos_ashenzari_chains,
          gammafunk_ghost_stat_death, serial_shops,
          nicolae_shop_temple_entry_statues_fountains, gup_sewer_entry_glass,
          uniq_edmund
D:5:      layout_loops_ring, nicolae_qazlal_style_of_elements, vehumet_crystals,
          minmay_temple_entry_poolview, serial_aquarium, aquarium_bridge_square
          [aquarium_subvault_window, aquarium_subvault_bridge,
          aquarium_subvault_bridge, aquarium_subvault_bridge],
          aquarium_window_fake, aquarium_window_fake, aquarium_view_2d
D:6:      black_bear_nest_2, layout_basic, mainiacjoe_overflow_catch_the_wave,
          uniq_prince_ribbit1
Temple:   cyrus_circular_temple

Skill      XL: |  1  2  3  4  5  6  7 |
---------------+----------------------+-----
Invocations    | 1 2 3 |  3.2
Short Blades   | 1 2 |  2.9
Axes           | 1 2 |  2.9
Maces & Flails | 1 2 |  2.9
Polearms       | 1 2 |  2.9
Staves         | 1 2 |  2.9
Slings         | 1 2 |  2.9
Bows           | 1 2 |  2.9
Crossbows      | 1 2 |  2.9
Throwing       | 1 2 |  2.9
Dodging        | 1 2 |  2.9
Stealth        | 1 2 |  2.9
Unarmed Combat | 1 2 |  2.9
Spellcasting   | 1 2 |  2.9
Evocations     | 1 2 |  2.9
Conjurations   | 1 2 |  2.3
Hexes          | 1 2 |  2.3
Summonings     | 1 2 |  2.3
Necromancy     | 1 2 |  2.3
Translocations | 1 2 |  2.3
Transmutations | 1 2 |  2.3
Fire Magic     | 1 2 |  2.3
Ice Magic      | 1 2 |  2.3
Air Magic      | 1 2 |  2.3
Earth Magic    | 1 2 |  2.3
Poison Magic   | 1 2 |  2.3
Long Blades    | 5 |  5.5
Fighting       | 7 |  7.2
Armour         | 7 |  7.2
Shields        | 7 |  7.2

Action                   |  1- 3 |  4- 6 |  7- 9 || total
-------------------------+-------+-------+-------++-------
Melee: Long sword        |    91 |   119 |    82 ||   292
       Bite              |    12 |    11 |    13 ||    36
       Scimitar          |       |       |    21 ||    21
 Fire: Hunting sling     |    44 |   110 |    37 ||   191
Throw: Dart              |       |     2 |       ||     2
       Throwing net      |       |       |     1 ||     1
  Use: Scroll            |       |     6 |     4 ||    10
       Potion            |       |       |     1 ||     1
Armor: Scale mail        |    39 |    55 |     1 ||    95
       Chain mail        |       |       |    12 ||    12
       Ring mail         |       |       |    10 ||    10
Dodge: Dodged            |    27 |    26 |    25 ||    78
Block: Kite shield       |    40 |    58 |    62 ||   160
       Rpst.: Long sword |    12 |     5 |     3 ||    20
       Scimitar          |       |       |     1 ||     1
